 Dungeon Crawl Stone Soup version 0.30.0-16-gbe6223bb7e (webtiles) character file.

Game seed: 14803190566219272594

143 NateTC the Shooter (level 5, 0/42 HPs)
             Began as a Minotaur Hunter on May 21, 2023.
             Slain by an orc priest
             ... wielding a +0 club
              (1 damage)
             ... on level 4 of the Dungeon.
             The game lasted 00:04:48 (1851 turns).

NateTC the Shooter (Minotaur Hunter)                Turns: 1851, Time: 00:04:48

Health: 0/42       AC:  7    Str: 18    XL:     5   Next: 4%
Magic:  4/4        EV: 10    Int: 12    God:
Gold:   259        SH:  0    Dex: 13    Spells: 4/4 levels left

rFire   . . .        a - +0 shortbow
rCold   . . .        (shield currently unavailable)
rNeg    . . .        k - +0 scale mail
rPois   .            (helmet restricted)
rElec   .            (no cloak)
rCorr   .            d - +0 pair of gloves
SInv    .            (no boots)
Will    .....        (no amulet) Stlth
                     h - +6 ring of intelligence
HPRegen 0.27/turn    (no ring)
MPRegen 0.09/turn

%: no passive effects
@: no status effects
A: horns 2, retaliatory headbutt
a: no special abilities


You were on level 4 of the Dungeon.
You visited 1 branch of the dungeon, and saw 4 of its levels.

You collected 259 gold pieces.

Inventory:

Hand Weapons
 a - a +0 shortbow (weapon)
 j - a +0 war axe
 o - a +0 sling
Armour
 d - a +0 pair of gloves (worn)
 g - a +0 buckler
 k - a +0 scale mail (worn)
Jewellery
 h - a +6 ring of intelligence (left hand)
Wands
 m - a wand of charming (14)
Scrolls
 b - a scroll of immolation
Potions
 c - a potion of might {unknown}
 e - a potion of curing {unknown}
 f - 2 potions of cancellation {unknown}
 i - a potion of berserk rage {unknown}
 l - 2 potions of invisibility {unknown}
 n - 2 potions of heal wounds {unknown}


   Skills:
 - Level 2.4 Fighting
 * Level 6.2 Ranged Weapons
 - Level 3.7 Dodging
 - Level 0.7 Stealth


You had 4 spell levels left.
You didn't know any spells.
Your spell library contained the following spells:

 Spells                   Type           Power      Damage    Failure   Level
 Kiss of Death            Conj/Necr      0%         2d5       75%         1
 Confusing Touch          Hex            0%         N/A       98%         3
 Dispel Undead            Necr           0%         3d6       100%        4


Dungeon Overview and Level Annotations

Branches:
Dungeon (4/15) Zot: 22077
 Temple: D:4-7

Altars:

Shops:
D:1 (


Innate Abilities, Weirdness & Mutations

You have a pair of horns on your head.
You reflexively headbutt those who attack you in melee.


Message History

Pain shoots through your body!
You are too injured to fight recklessly!
You are too injured to fight recklessly!
You are too injured to fight recklessly!
Fire: a) +0 shortbow
Press: ? - help, Q - select action, (/) - cycle Shift-Dir - straight line, f/p - orc priest
Aim: an orc priest, wielding a +0 club and wearing a +0 scale mail (moderately wounded, 65% to hit)
You shoot an arrow.
The arrow hits the orc priest but does no damage.
The orc priest is moderately wounded.
The orc priest barely misses you.
Fire: a) +0 shortbow
Press: ? - help, Q - select action, (/) - cycle Shift-Dir - straight line, f/p - orc priest
Aim: an orc priest, wielding a +0 club and wearing a +0 scale mail (moderately wounded, 65% to hit)
You shoot an arrow. The arrow hits the orc priest.
The orc priest is moderately wounded.
The orc priest closely misses you.
The orc priest hits you but does no damage.
Fire: a) +0 shortbow
Press: ? - help, Q - select action, (/) - cycle Shift-Dir - straight line, f/p - orc priest
Aim: an orc priest, wielding a +0 club and wearing a +0 scale mail (moderately wounded, 65% to hit)
You shoot an arrow. The arrow hits the orc priest!
The orc priest is severely wounded.
The orc priest hits you with a +0 club.
* * * LOW HITPOINT WARNING * * *
Fire: a) +0 shortbow
Press: ? - help, Q - select action, (/) - cycle Shift-Dir - straight line, f/p - orc priest
Aim: an orc priest, wielding a +0 club and wearing a +0 scale mail (severely wounded, 65% to hit)
You shoot an arrow. The arrow hits the orc priest.
The orc priest is almost dead.
The orc priest hits you but does no damage.
Fire: a) +0 shortbow
Press: ? - help, Q - select action, (/) - cycle Shift-Dir - straight line, f/p - orc priest
Aim: an orc priest, wielding a +0 club and wearing a +0 scale mail (almost dead, 65% to hit)
You shoot an arrow. The arrow barely misses the orc priest.
The orc priest mumbles some strange prayers to Beogh against you.
Beogh smites you!
* * * LOW HITPOINT WARNING * * *
The orc priest hits you with a +0 club.
You die...

######......o..#.#
#...........# .
#.........#########..
#....................
#.......###'####.....
#.......#............
#.......#..).........
#.......#..o)........
#.......#..@.........
#.......#............
#.......#...###..####
#...# +## #.... #....
#.... #...##


You could see an orc priest.

Vanquished Creatures
  A hound (D:4)
  4 adders
  2 worms (D:2)
  3 dart slugs
  4 orcs
  3 ball pythons
  3 bats
  4 endoplasms
  3 giant cockroaches
  7 hobgoblins
  5 kobolds
  4 quokkas
  6 frilled lizards
  6 goblins
  4 rats
59 creatures vanquished.

Notes
Turn   | Place    | Note
-------+----------+-------------------------------------------
     0 | D:1      | NateTC the Minotaur Hunter began the quest for the Orb.
     0 | D:1      | Reached XP level 1. HP: 18/18 MP: 0/0
    98 | D:1      | Reached XP level 2. HP: 25/25 MP: 1/1
   433 | D:1      | Found Ycuisary's Weapon Emporium.
   477 | D:2      | Reached skill level 5 in Ranged Weapons
   477 | D:2      | Reached XP level 3. HP: 30/30 MP: 2/2
   921 | D:2      | Found a faded altar of an unknown god.
  1104 | D:2      | Reached XP level 4. HP: 36/37 MP: 3/3
  1803 | D:4      | Reached skill level 6 in Ranged Weapons
  1803 | D:4      | Reached XP level 5. HP: 37/42 MP: 4/4
  1851 | D:4      | HP: 1/42 [orc priest/divine providence (12)]
  1851 | D:4      | Slain by an orc priest

Illustrated notes

Levels and vault maps discovered:
D:1:      reono_arrival_forest_river, layout_basic, serial_shops,
          nicolae_shop_back_alley_shop
D:2:      layout_basic, chequers_ecumenical_altar_simple
D:3:      layout_rooms, kennysheep_generic_room_13
D:4:      layout_gridville, palyth_stone_intersect, minivault_27, st_stairs_2,
          minmay_misc_feat_roman

Skill      XL: |  1  2  3  4 |
---------------+-------------+-----
Dodging        | 3 |  3.7
Ranged Weapons | 5 6 |  6.2
Fighting       | |  2.4
Stealth        | |  0.7

Action                     |  1- 3 |  4- 6 || total
---------------------------+-------+-------++-------
   Fire: Shortbow          |   124 |    40 ||   164
         Sling             |       |    23 ||    23
    Use: Scroll            |     2 |     2 ||     4
 Armour: Leather armour    |    19 |       ||    19
         Scale mail        |       |    17 ||    17
  Dodge: Dodged            |    37 |    30 ||    67
  Block: Buckler           |       |     2 ||     2
